 Dungeon Crawl Stone Soup version 0.25-a0-949-gdd2af9e06e (webtiles) character file.

Game seed: 8317137360624223558, levelgen mode: deterministic

7 Flugslaktarn the Shield-Bearer (level 1, -6/20 HPs)
             Began as a Deep Dwarf Fighter on May 9, 2020.
             Mangled by a gnoll
             ... wielding a +0 flail
              (8 damage)
             ... on level 3 of the Dungeon.
             The game lasted 00:00:10 (209 turns).

Flugslaktarn the Shield-Bearer (Deep Dwarf Fighter)  Turns: 209, Time: 00:00:11

Health: -6/20      AC:  6    Str: 19    XL:     1   Next: 83%
Magic:  1/1        EV:  7    Int:  8    God:
Gold:   34         SH:  9    Dex: 12    Spells: 0/0 levels left

rFire    . . .     SeeInvis .   a - +0 war axe
rCold    . . .     Gourm    .   c - +0 kite shield
rNeg     . . .     Faith    .   b - +0 scale mail
rPois    .         Spirit   .   (no helmet)
rElec    .         Reflect  .   (no cloak)
rCorr    .         Harm     .   (no gloves)
MR       .....                  (no boots)
Stlth    ..........             (no amulet)
HPRegen  0.00/turn              (no ring)
MPRegen  0.07/turn              (no ring)

@: non-regenerating
A: damage resistance, heal wounds, sense surroundings 1, no regeneration
a: Heal Wounds


You were on level 3 of the Dungeon.
You were not hungry.

You visited 1 branch of the dungeon, and saw 3 of its levels.

You collected 34 gold pieces.

Inventory:

Hand Weapons
 a - a +0 war axe (weapon)
Armour
 b - a +0 scale mail (worn)
 c - a +0 kite shield (worn)
Scrolls
 f - a scroll of remove curse {unknown}
 g - a scroll of random uselessness {unknown}
 i - a scroll of blinking {unknown}
 k - a scroll of identify {unknown}
 l - a scroll of teleportation {unknown}
Potions
 d - a potion of might
 j - a potion of degeneration {unknown}
Comestibles
 e - 2 rations
 h - 2 chunks of flesh


   Skills:
 + Level 2.8 Fighting
 * Level 2.5 Axes
 + Level 3.4 Armour
 + Level 3.4 Shields


You couldn't memorise any spells.
You didn't know any spells.
Your spell library was empty.

Dungeon Overview and Level Annotations

Branches:
Dungeon (3/15)

Altars:


Innate Abilities, Weirdness & Mutations

You are resistant to damage.
You can heal yourself by infusing magical energy.
You passively map a small area around you.
You do not regenerate.


Message History

A jackal comes into view.
You block the gnoll's attack.
You hit the gnoll.
The gnoll is moderately wounded.
The gnoll throws a throwing net.
You block the throwing net. The gnoll barely misses you.
You block the gnoll's attack.
An orc comes into view. It is wielding a +0 trident.
An orc comes into view. It is wielding a +0 mace.
The gnoll throws a throwing net.
You block the throwing net.
You hit the gnoll but do no damage.
The gnoll is moderately wounded.
The gnoll hits you with a +6 spear. The gnoll barely misses you.
A jackal comes into view.
You closely miss the gnoll.
The gnoll is moderately wounded.
The jackal barks!
You hit the gnoll. The gnoll hits you with a +6 spear.
* * * LOW HITPOINT WARNING * * *
You block the gnoll's attack. The gnoll hits you with a +0 flail!
You die...

, *#. * # #. .
#. ## * ,
#.#.##.##
#.##h#.#...##
,
.o.ogS.....<##
* #hggg.....#
#@....#* *
###...## * *
#<...## *,
#.#### , #.#
,, #.# , #.# *
, #.. , , ,,
..#


You could see 4 gnolls, an adder, 2 orcs and 2 jackals.

Vanquished Creatures
  A dart slug (D:2)
  3 bats
  A hobgoblin (D:1)
5 creatures vanquished.

Notes
Turn   | Place    | Note
-------+----------+-------------------------------------------
     0 | D:1      | Flugslaktarn the Deep Dwarf Fighter began the quest for the
                  | Orb.
     0 | D:1      | Reached XP level 1. HP: 20/20 MP: 1/1
   209 | D:3      | Mangled by a gnoll

Levels and vault maps discovered:
D:1:      heliophobic_arrival_henge, layout_loops_corners
D:2:      minmay_general_purpose_star, layout_rooms, first_ration,
          lemuel_altar_in_water
D:3:      layout_loops_cross

Action                   || total
-------------------------++-------
Melee: War axe           ||    26
Armor: Scale mail        ||    19
Dodge: Dodged            ||    10
Block: Kite shield       ||    19

Table legend:
 A = Non-vault XP
 B = Vault XP
 C = Vault XP percentage of total XP
 D = Non-vault monster count
 E = Vault monster count
 F = Vault count percentage of total count
                 A         B        C        D         E       F
            +---------+---------+-------+---------+---------+-------
      Total |      10 |       0 |   0.0 |       5 |       0 |   0.0
            +---------+---------+-------+---------+---------+-------
        D:1 |       4 |       0 |   0.0 |       2 |       0 |   0.0
        D:2 |       6 |       0 |   0.0 |       3 |       0 |   0.0
            +---------+---------+-------+---------+---------+-------
